 Dungeon Crawl Stone Soup version 0.28-a0-1143-gcf6077d4cc (webtiles) character file.

Game seed: 294368051442339539

44 siradein the Covered (level 3, 0/23 HPs)
             Began as a Tengu Fighter on Dec 14, 2021.
             Slain by a gnoll (6 damage)
             ... on level 2 of the Dungeon.
             The game lasted 00:04:49 (1539 turns).

siradein the Covered (Tengu Fighter)                Turns: 1539, Time: 00:04:50

Health: 0/23       AC:  5    Str: 18    XL:     3   Next: 62%
Magic:  4/4        EV: 11    Int:  8    God:
Gold:   67         SH:  5    Dex: 19    Spells: 2/2 levels left

rFire   . . .      SeeInvis .   a - +0 long sword
rCold   . . .      Faith    .   c - +0 buckler
rNeg    . . .      Spirit   .   h - +0 ring mail
rPois   .          Reflect  .   (helmet restricted)
rElec   .          Harm     .   (no cloak)
rCorr   .          Rampage  .   (no gloves)
Will    .....                   (boots unavailable)
Stlth   +.........              (no amulet)
HPRegen 0.07/turn               k - +6 ring of dexterity
MPRegen 0.09/turn               (no ring)

@: no status effects
A: beak, talons 3
a: no special abilities


You were on level 2 of the Dungeon.
You visited 1 branch of the dungeon, and saw 2 of its levels.

You collected 67 gold pieces.

Inventory:

Hand Weapons
 a - a +0 long sword (weapon)
Armour
 c - a +0 buckler (worn)
 h - a +0 ring mail (worn)
Jewellery
 k - a +6 ring of dexterity (left hand)
Scrolls
 b - a scroll of enchant armour {unknown}
 e - a scroll of immolation {unknown}
 f - 3 scrolls of identify {unknown}
 g - a scroll of enchant weapon {unknown}
 i - 2 scrolls of magic mapping {unknown}
 j - a scroll of noise {unknown}
Potions
 d - a potion of might
 l - a potion of haste {unknown}


   Skills:
 + Level 3.3 Fighting
 + Level 2.7 Long Blades
 + Level 3.6 Armour
 + Level 1.2 Dodging
 + Level 3.3 Shields


You had 2 spell levels left.
You didn't know any spells.
Your spell library was empty.

Dungeon Overview and Level Annotations

Branches:
Dungeon (2/15)

Altars:
Dithmenos


Innate Abilities, Weirdness & Mutations

You have a beak for a mouth.
You have claws for feet.


Message History

A gnoll comes into view. It is wielding a +0 whip.
A gnoll comes into view. It is wielding a +0 spear.
The gnoll shouts!
A gnoll comes into view. It is wielding a +0 whip.
The gnoll shouts!
You slash the gnoll! You claw the gnoll, but do no damage. You peck the gnoll.
You kill the gnoll!
You see here a +0 whip.
The gnoll barely misses you.
You slash the gnoll! You claw the gnoll.
The gnoll is almost dead.
The gnoll hits you with a +0 whip. The gnoll closely misses you.
The gnoll misses you. The gnoll hits you with a +0 whip.
You completely miss the gnoll. Your kick misses the gnoll.
Your peck misses the gnoll.
The gnoll is almost dead.
The gnoll barely misses you.
The gnoll hits you from afar with a +0 spear!
You are too injured to fight recklessly!
You see here a +0 whip.
The adder hisses angrily.
The adder bites you but does no damage. The adder bites you but does no damage.
You block the adder's attack. The adder barely misses you.
The adder barely misses you. The adder bites you but does no damage.
The adder bites you.
* * * LOW HITPOINT WARNING * * *
You miss the adder. Your kick misses the adder. You peck the adder.
The adder is lightly wounded.
The adder bites you but does no damage. The adder barely misses you.
You completely miss the adder.
The adder is lightly wounded.
The adder closely misses you. You block the gnoll's attack.
You closely miss the adder. Your kick misses the adder.
The adder is lightly wounded.
The adder misses you.
The gnoll hits you from afar with a +0 spear.
You die...

# #..# #...........
#..# #........... #..#
#.......... #..#
#......... #..#
##.....###
##.#######....## #
#gg...........####
#S#######...#...##
####@#####...#.###...
#....>..##.###.##....
#.......##.# #.##....
#..........###.##...#
#..........##..)....#
#.......##.........##
#.....................
##.......#####.....##.
######### #.....###


You could see 2 gnolls and an adder.

Vanquished Creatures
  2 adders (D:2)
  A gnoll (D:2)
  An endoplasm (D:2)
  4 hobgoblins
  3 ball pythons (D:1)
  3 bats
  A frilled lizard (D:1)
  2 rats
17 creatures vanquished.

Notes
Turn   | Place    | Note
-------+----------+-------------------------------------------
     0 | D:1      | siradein the Tengu Fighter began the quest for the Orb.
     0 | D:1      | Reached XP level 1. HP: 14/14 MP: 2/2
   499 | D:1      | Reached XP level 2. HP: 19/19 MP: 3/3
  1104 | D:2      | Found a shadowy altar of Dithmenos.
  1195 | D:2      | Reached skill level 1 in Dodging
  1226 | D:1      | Reached XP level 3. HP: 18/23 MP: 4/4
  1539 | D:2      | Slain by a gnoll

Illustrated notes

Levels and vault maps discovered:
D:1:      dpeg_arrival_round_b, layout_basic,
          wander_ebering_terrifying_dragon_lair
D:2:      layout_rooms, shapermc_ecumenical_altar_mp_vishouse, basic_altar

Skill      XL: |  1  2 |
---------------+-------+-----
Dodging        | 1 |  1.2
Fighting       | |  3.3
Long Blades    | |  2.7
Armour         | |  3.6
Shields        | |  3.3

Action                   || total
-------------------------++-------
Melee: Long sword        ||    35
       Peck              ||     7
       Kick              ||     8
Armor: Ring mail         ||    16
Dodge: Dodged            ||    32
Block: Buckler           ||    12

Table legend: (Time is in decaauts)
 A = Elapsed time spent in this place.
 B = Non-inter-level travel time spent in this place.
 C = Inter-level travel time spent in this place.
 D = Time resting spent in this place.
 E = Time spent auto-exploring this place.
 F = Levels seen in this place.
 G = Mean time per level.
                   A        B        C        D        E       F      G
               +--------+--------+--------+--------+--------+-----+--------+
         Total |   1549 |   1473 |     76 |     69 |   1009 |   2 |  774.5 |
       Dungeon |   1549 |   1473 |     76 |     69 |   1009 |   2 |  774.5 |
               +--------+--------+--------+--------+--------+-----+--------+

Top non-repeatable levels by time:
     D:1: 1230 daAuts
     D:2: 319 daAuts
